 Dungeon Crawl Stone Soup version 0.28-a0-1412-gf95308ed99 (webtiles) character file.

Game seed: 13465176433221620030

204 HallandMoats the Skirmisher (level 5, 46/46 HPs)
             Began as a Ghoul Fighter on Jan 6, 2022.
             Was a Follower of Vehumet.
             Safely got out of the dungeon.
             The game lasted 00:04:05 (3612 turns).

HallandMoats the Skirmisher (Ghoul Fighter)         Turns: 3612, Time: 00:04:06

Health: 46/46      AC:  9    Str: 20    XL:     5   Next: 82%
Magic:  5/5        EV:  9    Int:  3    God:    Vehumet [*.....]
Gold:   145        SH:  5    Dex: 10    Spells: 4/4 levels left

rFire   . . .      SeeInvis .   a - +1 war axe
rCold   + . .      Faith    .   c - +1 buckler
rNeg    + + +      Spirit   .   b - +0 scale mail
rPois   ∞          Reflect  .   i - +0 helmet
rElec   .          Harm     .   (no cloak)
rCorr   .          Rampage  .   (no gloves)
Will    .....                   m - +0 pair of boots
Stlth   ..........              (no amulet)
HPRegen 0.15/turn               (no ring)
MPRegen 0.09/turn               (no ring)

@: no status effects
A: claws 1, cold resistance 1, negative energy resistance 3, inhibited
regeneration, torment resistance 2
a: Renounce Religion


You escaped.
You worshipped Vehumet.
Vehumet was aware of your devotion.
You visited 1 branch of the dungeon, and saw 4 of its levels.

You collected 145 gold pieces.

Inventory:

Hand Weapons
 a - a +1 war axe (weapon)
Armour
 b - a +0 scale mail (worn)
 c - a +1 buckler (worn)
 i - a +0 helmet (worn)
 m - a +0 pair of boots (worn)
Scrolls
 f - 5 scrolls of identify {unknown}
 j - a scroll of enchant armour
 o - a scroll of teleportation
 p - a scroll of blinking {unknown}
 q - a scroll of immolation {unknown}
Potions
 d - a potion of curing
 n - a potion of flight {unknown}


   Skills:
 + Level 4.0 Fighting
 + Level 2.6 Axes
 + Level 3.2 Armour
 + Level 1.5 Dodging
 * Level 3.8 Shields
 + Level 1.9 Invocations


You had 4 spell levels left.
You didn't know any spells.
Your spell library contained the following spells:

 Spells                   Type           Power      Damage    Failure   Level
 Foxfire                  Conj/Fire      0%         2x1d4     92%         1
 Summon Hydra             Summ           0%         N/A       100%        7
 Sublimation of Blood     Necr           Unusable   N/A       N/A         2
 Wereblood                Tmut           Unusable   N/A       N/A         2

Dungeon Overview and Level Annotations

Branches:
Dungeon (4/15)
 Temple: D:4-7

Altars:
Vehumet


Innate Abilities, Weirdness & Mutations

You thrive by killing the living.
You are immune to poison.
You have sharp fingernails.
Your flesh is cold resistant. (rC+)
You are immune to negative energy. (rN+++)
You do not regenerate when monsters are visible.
You are immune to unholy pain and torment.


Message History

You climb upwards.
You feel less attractive to monsters.
There is a stone staircase leading down here.
You start resting.
You feel your willpower return.
You start resting.
Your extra speed is starting to run out.
You start resting.
You feel yourself slow down.
You start resting.
You start resting.
HP restored.
Search for what [Enter for "armor", or ? for help]? altar
There is a stone staircase leading up here.
You climb upwards.
There is a stone staircase leading down here.
There is an open door here.
There is a faded altar of an unknown god here.
You cannot tell which god this altar belongs to.
Convert to them anyway?
Vehumet accepts your prayer! Vehumet welcomes you!
You can now gain magical power from killing.
Vehumet offers you knowledge of Foxfire.
(D) Dungeon
Where to? (Enter - D:2 @ (x,y), ? - help)
What level of the Dungeon? (default 1, ? - help)
There is an open door here.
There is a large open door here.
There is a large open door here.
There is a stone staircase leading up here.
You climb upwards.
There is a stone staircase leading down here.
Sorry, I don't know how to traverse that place.
(D) Dungeon
Where to? (Enter - D:1 @ (x,y), ? - help)
Okay, then.
There is an open door here.
There is an empty arch of ancient stone here.
There is a staircase leading out of the dungeon here.
Are you sure you want to leave the Dungeon?
This will make you lose the game!
You have escaped!

...##....#
...##....# ####
...#####.# #...
...'.....# #.##
...#############
#.#
...#...........#
#.##
.###.8.⌠.8.⌠.8.##
#...
###.............##
######
..∩.≈≈≈≈≈≈≈≈≈≈≈.@#
#.....
###.............##
#.####
##.8.⌠.8.⌠.8.##
#.# #(..........#
#.# #############
#.# #####.####
#.....#...
#.#####...
#####'#...'...


There were no monsters in sight!

Vanquished Creatures
  A scorpion (D:4)
  Terence (D:2)
  4 adders
  2 adder skeletons (D:4)
  A worm (D:2)
  3 dart slugs
  2 orcs (D:3)
  3 bats
  8 endoplasms
  3 giant cockroaches
  5 goblins
  4 hobgoblins
  4 quokkas
  9 ball pythons
  4 frilled lizards
  9 kobolds
  3 rats
66 creatures vanquished.

Notes
Turn   | Place    | Note
-------+----------+-------------------------------------------
     0 | D:1      | HallandMoats the Ghoul Fighter began the quest for the Orb.
     0 | D:1      | Reached XP level 1. HP: 19/19 MP: 0/0
   212 | D:1      | Reached XP level 2. HP: 26/26 MP: 1/1
   583 | D:2      | Reached XP level 3. HP: 31/31 MP: 2/2
   648 | D:2      | Noticed Terence
   659 | D:2      | Killed Terence
   660 | D:2      | Reached skill level 1 in Invocations
  1032 | D:2      | Reached XP level 4. HP: 27/39 MP: 3/3
  1356 | D:2      | Reached skill level 1 in Dodging
  1456 | D:2      | Found a faded altar of an unknown god.
  2373 | D:3      | Reached XP level 5. HP: 45/46 MP: 5/5
  2829 | D:4      | Noticed an orc warrior
  2872 | D:4      | Reached skill level 4 in Fighting
  3128 | D:4      | Noticed a black bear
  3497 | D:2      | Prayed at the altar of an unknown god.
  3497 | D:2      | Became a worshipper of Vehumet
  3497 | D:2      | Reached * piety under Vehumet
  3497 | D:2      | Offered knowledge of Foxfire by Vehumet.
  3612 | D:$      | Safely got out of the dungeon.

Illustrated notes

Levels and vault maps discovered:
D:1:      mainiacjoe_arrival_reflecting_pool, layout_basic
D:2:      layout_basic, shapermc_ecumenical_altar_venn, uniq_terence
D:3:      layout_basic
D:4:      layout_basic, chequers_garden, eino_small_chamber_without_monster,
          corexii_leaking_fountain, guppyfry_early_orc_mine

Skill      XL: |  1  2  3  4  5 |
---------------+----------------+-----
Axes           | 2 |  2.6
Shields        | 3 |  3.8
Invocations    | 1 |  1.9
Armour         | 3 |  3.2
Dodging        | 1 |  1.5
Fighting       | 4 |  4.0

Action                   |  1- 3 |  4- 6 || total
-------------------------+-------+-------++-------
Melee: War axe           |    84 |   122 ||   206
  Use: Potion            |     1 |     4 ||     5
       Scroll            |       |     5 ||     5
Armor: Scale mail        |    39 |    66 ||   105
Dodge: Dodged            |    52 |    73 ||   125
Block: Buckler           |    11 |    49 ||    60

Table legend: (Time is in decaauts)
 A = Elapsed time spent in this place.
 B = Non-inter-level travel time spent in this place.
 C = Inter-level travel time spent in this place.
 D = Time resting spent in this place.
 E = Time spent auto-exploring this place.
 F = Levels seen in this place.
 G = Mean time per level.
                   A        B        C        D        E       F      G
               +--------+--------+--------+--------+--------+-----+--------+
         Total |   3679 |   3370 |    309 |    398 |   2301 |   4 |  919.8 |
       Dungeon |   3679 |   3370 |    309 |    398 |   2301 |   4 |  919.8 |
               +--------+--------+--------+--------+--------+-----+--------+

Top non-repeatable levels by time:
     D:2: 1346 daAuts
     D:3: 1209 daAuts
     D:1: 654 daAuts
     D:4: 468 daAuts
